[Event "Czech Open Rapid G1 2024"]
[Site "Pardubice"]
[Date "2024.07.17"]
[Round "3.1"]
[White "Dobrowolski, Piotr"]
[Black "Navara, David"]
[Result "0-1"]
[Annotator "TA"]
[ECO "B94"]
[WhiteElo "2412"]
[BlackElo "2682"]
[PlyCount "88"]
[EventDate "2024.07.16"]
[EventType "swiss"]
[EventCountry "CZE"]
[SourceTitle "playchess.com"]
[Source "ChessBase"]
[SourceQuality "1"]
[TimeControl "1200+10"]

1. e4 c5 2. Nf3 d6 3. d4 cxd4 4. Nxd4 Nf6 5. Nc3 a6 6. Bg5 Nbd7 7. Qe2 h6 8. Bh4 g6 9. f4 {[%emt 0:01:17] With the idea e5. The position is equal.} e5 10. fxe5 dxe5 {[%emt 0:00:02] [#]} 11. O-O-O $1 Bg7 (11... exd4 12. e5 dxc3 (12... d3 $2 13. Rxd3 Qe7 14. Re3 $18) 13. exf6+ $18) (11... Qc7 $5) (11... Qc7 12. Nb3) 12. Nb3 b5 13. Kb1 O-O 14. g4 b4 15. Nd5 a5 {[%emt 0:02:26] [#]} 16. Nc5 $1 {[%emt 0:05:14] Nxf6+ would now be deadly.} g5 17. Bf2 Nxd5 $1 18. exd5 Nxc5 19. Bxc5 Qf6 $1 20. Qe4 Qf4 21. Qxf4 gxf4 {[%emt 0:00:01] Black is weak on the light squares} 22. Bxf8 (22. Rg1 $5) 22... Kxf8 23. h3 e4 24. Re1 Bb7 25. Rxe4 Bxd5 26. Bg2 Bxe4 27. Bxe4 $17 {[%emt 0:00:01][%mdl 4096] Endgame. KRB-KRB} Re8 28. Bf3 Re3 29. Rf1 Be5 {[%emt 0:00:55] Black is more active.} 30. Kc1 Kg7 31. c4 (31. h4 $17 {might work better.}) 31... bxc3 $19 32. b3 (32. bxc3 $17 {was necessary.} Rxc3+ 33. Kb1) 32... Kf6 {[%emt 0:01:23] White must now prevent ...Kg5.} 33. h4 Rd3 34. Rf2 Bd4 35. Kc2 Re3 (35... Bxf2 36. Kxd3 Bxh4 37. Kxc3 $15) 36. Rf1 Ke5 37. Rf2 f6 38. Re2 $2 (38. Rf1) 38... Rxe2+ 39. Bxe2 {[%emt 0:00:01] KB-KB} Ke4 {[%emt 0:00:01] aiming for ...f3.} 40. Bb5 f3 {[%emt 0:00:09] ...Kf4 is the strong threat.} 41. a3 Kf4 42. h5 Kxg4 43. Be8 f2 44. Bb5 Kg3 {[%emt 0:00:11] Weighted Error Value: White=0.56/Black=0.03 (flawless) .  Mistake:       	White=3     	---        Inaccurate:     	White=4     	Black=1      OK:         	White=14    	Black=17     Best:        	White=2     	Black=5      Strong:       	---       	Black=2} 0-1

[Event "Czech Open Rapid G1 2024"]
[Site "Pardubice"]
[Date "2024.07.17"]
[Round "3.2"]
[White "Nisipeanu, Liviu-Dieter"]
[Black "Burdalev, Kirill"]
[Result "1-0"]
[Annotator "TA"]
[ECO "C67"]
[WhiteElo "2583"]
[BlackElo "2348"]
[PlyCount "61"]
[EventDate "2024.07.16"]
[EventType "swiss"]
[EventCountry "CZE"]
[SourceTitle "playchess.com"]
[Source "ChessBase"]
[SourceQuality "1"]
[TimeControl "1200+10"]

1. e4 e5 2. Nf3 Nc6 3. Bb5 Nf6 4. O-O Nxe4 5. d4 Nd6 6. Bxc6 dxc6 7. dxe5 Nf5 8. Qe2 Nd4 9. Nxd4 Qxd4 10. h3 {[%emt 0:00:03] Weiss ist schwach auf den weissen Feldern} Be6 11. Rd1 Qc4 12. Rd3 Be7 {[%emt 0:00:20] Schwarz hat minimalen Vorteil.} ({Vergiftet wäre} 12... Bf5 $2 13. Rd8+ Rxd8 14. Qxc4 $18) 13. Nc3 O-O 14. b3 Qh4 15. Ne4 Rad8 {[%emt 0:03:11] Pariert Rd4.} 16. Rf3 {[%emt 0:00:55] Schwarz muss nun Rf4 beachten.} Qh5 {[%emt 0:00:01] [#]} 17. Nf6+ $1 Bxf6 18. exf6 Bd5 19. Re3 ({Aber nicht} 19. fxg7 $2 Rfe8 (19... Bxf3 $2 {verliert.} 20. gxf8=Q+ Rxf8 21. Qxf3 $18) 20. Be3 Bxf3 21. Qxf3 Qd5 $19 (21... Qxf3 $2 22. gxf3 Kxg7 23. Kh2 $19)) 19... Qxe2 (19... Qg5 {ist vielschichtiger.} 20. Rg3 Qxf6 21. Rb1 Rfe8) 20. Rxe2 gxf6 21. Re3 {[%emt 0:00:31] Zielt auf c4 ab.} h5 22. c4 Be6 23. Bb2 Kh7 (23... f5 $11) 24. Bxf6 $16 Rd2 25. Rae1 Kg6 $2 {[%emt 0:00:21] [#]} (25... Rg8 $14) 26. Be7 $2 (26. Bc3 $1 $18 Rfd8 27. Rg3+ Kh6 28. Bxd2+ Rxd2 29. a4) 26... Re8 $2 (26... Rg8 $16 {ist zäher.}) 27. Rg3+ $18 Kh7 {[%emt 0:00:14] [#]} 28. Re5 $1 Rd1+ (28... f5 29. Rxe6) 29. Kh2 Kh6 30. Bf6 {[%emt 0:00:07] Beabsichtigt Bg7+ und Matt.} Bd7 31. Bg7+ {[%emt 0:00:04] Gewichteter Fehlerwert: Weiß=0.17 (sehr präzise) /Schwarz=0.77.  Verlustzug:     	---       	Schwarz=2     Gewinn verpasst:   	Weiß=1     	---        Fehler:       	---       	Schwarz=1     Ungenau:       	Weiß=1     	Schwarz=1     OK:         	Weiß=7     	Schwarz=4     Bester:       	Weiß=3     	Schwarz=2     Stark:        	Weiß=1     	---} 1-0

[Event "Czech Open Rapid G1 2024"]
[Site "Pardubice"]
[Date "2024.07.17"]
[Round "3.3"]
[White "Kulon, Klaudia"]
[Black "Movsesian, Sergei"]
[Result "0-1"]
[Annotator "TA"]
[ECO "A13"]
[WhiteElo "2380"]
[BlackElo "2618"]
[PlyCount "44"]
[EventDate "2024.07.16"]
[EventType "swiss"]
[EventCountry "CZE"]
[SourceTitle "playchess.com"]
[Source "ChessBase"]
[SourceQuality "1"]
[TimeControl "1200+10"]

1. c4 e6 2. e3 d5 3. b3 c5 4. Bb2 d4 5. Nf3 Nc6 6. exd4 cxd4 7. Na3 e5 {[%emt 0:00:57] Und jetzt ...e4 wäre schön.} 8. Bd3 {[%emt 0:00:28] Schwarz steht etwas besser.} f5 {[%emt 0:01:12] Zielt auf ...e4 ab.} 9. Bb1 (9. Nb5 $17) 9... e4 $19 10. Ng1 (10. O-O {ist wohl besser.}) 10... Nf6 11. Ne2 d3 12. Nf4 Bd6 13. Nd5 Be5 14. Bxe5 Nxe5 15. Nb5 (15. Qc1 {kämpft weiter.} Nxd5 16. cxd5) 15... O-O 16. O-O (16. Nf4 $142) 16... Nxd5 17. cxd5 f4 18. Re1 {[%emt 0:01:08] Verhindert f3} Bg4 19. Qc1 {[%emt 0:00:40] [#]} Nf3+ $1 {[%emt 0:00:32][%mdl 512] Schwarz setzt Matt.} 20. Kf1 Nxh2+ 21. Kg1 {[%emt 0:00:00] [#]} Nf3+ $1 22. Kf1 {[%emt 0:00:01] [#]} (22. gxf3 Bxf3) 22... Qh4 $1 {[%emt 0:00:02] Weiß schien mit der Eröffnung nicht zurechtzukommen.   Gewichteter Fehlerwert: Weiß=1.21/Schwarz=0.07 (makellos) .  Fehler:       	Weiß=4     	---        Ungenau:       	Weiß=1     	---        OK:         	Weiß=4     	Schwarz=8} 0-1

[Event "Czech Open Rapid G1 2024"]
[Site "Pardubice"]
[Date "2024.07.17"]
[Round "3.4"]
[White "Stocek, Jiri"]
[Black "Kuegel, Tobias"]
[Result "1/2-1/2"]
[Annotator "TA"]
[ECO "D53"]
[WhiteElo "2524"]
[BlackElo "2416"]
[PlyCount "109"]
[EventDate "2024.07.16"]
[EventType "swiss"]
[EventCountry "CZE"]
[SourceTitle "playchess.com"]
[Source "ChessBase"]
[SourceQuality "1"]
[TimeControl "1200+10"]

1. c4 e6 2. Nc3 d5 3. d4 Nf6 4. Bg5 Be7 5. e3 h6 6. Bh4 dxc4 {[%emt 0:01:04] D53: Queen's Gambit Declined: 4 Bg5 Be7: Early deviations.} 7. Bxc4 c5 8. Nf3 cxd4 9. exd4 O-O 10. Qe2 Nc6 11. Rd1 Nh5 $146 ({Predecessor:} 11... Nb4 12. O-O Nbd5 13. Ne5 Nxc3 14. bxc3 Nd5 15. Bxe7 Nxe7 16. Bd3 Nd5 17. Bc2 Nf6 {1-0 Suranyi,P (2163)-Vajda,S (2316) Budapest FS02 IM-A 2001 (6)}) 12. Bg3 Bd7 13. a3 Rc8 14. Ba2 Qa5 (14... Qb6 $11 {keeps the balance.}) 15. O-O $16 Nxg3 16. hxg3 a6 (16... Bxa3 $2 17. d5 $18) (16... Rfd8 $14) 17. d5 $16 exd5 18. Nxd5 Rfe8 (18... Rce8 $16) 19. Qd3 $2 (19. b4 $18 Bxb4 20. Ne3) 19... Be6 $1 $14 20. Rfe1 (20. b4 $1 $14 {feels stronger.} Qd8 (20... Bxb4 $2 21. Bb1 $18) 21. Qe4) 20... Bxd5 $1 $11 21. Bxd5 (21. Qxd5 {simplifies} Qxd5 22. Bxd5 Red8 23. Be4) 21... Bf6 22. b4 Qc7 23. Rxe8+ (23. Qg6 {keeps more tension.} Rxe1+ 24. Rxe1 Rd8 25. Qe4) 23... Rxe8 24. Qc4 Rc8 25. b5 axb5 26. Qxb5 Rd8 27. Rc1 Nd4 28. Qc5 $2 {[%emt 0:00:59][%mdl 8192] [#]} (28. Rxc7 Nxb5 29. Bxf7+ Kf8 $11) (28. Qe8+ $14 {stays ahead.} Rxe8 29. Rxc7 Nxf3+ 30. gxf3) 28... Qxc5 $1 $19 29. Rxc5 Be7 $2 (29... b6 $19 30. Bxf7+ Kxf7 31. Rc7+ Ke6) 30. Rc7 $11 Rxd5 (30... Bxa3 31. Bxf7+ Kh7 32. Rxb7 $18) 31. Rxe7 Nxf3+ 32. gxf3 Rd3 33. a4 Rd4 34. a5 Rd5 35. Re8+ Kh7 36. Ra8 g5 37. Kf1 h5 38. Kg2 Kg6 39. Kh3 Rf5 40. Kg2 Rd5 41. Ra7 Rc5 42. Kh3 Rd5 43. g4 f6 44. gxh5+ Kxh5 45. Kg3 Kg6 46. f4 $1 Kf5 47. fxg5 fxg5 48. f3 Rb5 49. Ra8 Rb4 50. Rf8+ Kg6 51. Kf2 Ra4 52. Ra8 Ra3 53. Ra7 Kf5 54. Rxb7 Rxa5 55. Kg3 1/2-1/2

[Event "Czech Open Rapid G1 2024"]
[Site "Pardubice"]
[Date "2024.07.17"]
[Round "3.5"]
[White "Neuman, Petr"]
[Black "Mica, Marek"]
[Result "1-0"]
[Annotator "TA"]
[ECO "D35"]
[WhiteElo "2441"]
[BlackElo "2375"]
[PlyCount "115"]
[EventDate "2024.07.16"]
[EventType "swiss"]
[EventCountry "CZE"]
[SourceTitle "playchess.com"]
[Source "ChessBase"]
[SourceQuality "1"]
[TimeControl "1200+10"]

1. d4 Nf6 2. c4 e6 3. Nc3 d5 4. cxd5 exd5 5. Bg5 c6 6. e3 h6 7. Bh4 Be6 {[%emt 0:00:05] D35: Queen's Gambit Declined: Exchange Variation.} 8. Bd3 Nbd7 9. f3 Be7 10. Nge2 O-O 11. Bf2 b6 $146 ({Predecessor:} 11... Re8 12. O-O Bf8 13. h3 c5 14. g4 cxd4 15. exd4 Bd6 16. Bg3 Bxg3 17. Nxg3 Qb6 {½-½ Bilych,O (2433)-Solodovnichenko,Y (2456) El Vendrell op 3rd rapid 2023 (7)}) 12. g4 Ne8 13. h4 g6 14. Nf4 Ng7 15. Qc2 Bd6 16. O-O-O Qe7 17. Kb1 b5 18. Bg3 Nb6 19. Qh2 Bb4 20. Nce2 Nc4 21. e4 dxe4 22. Bxe4 Bxg4 23. Bxc6 Bf5+ 24. Ka1 Rac8 $2 (24... Ne3 $15 25. Rc1 Rac8) 25. Nd5 $16 (25. Bxb5 $2 Qb7 (25... Ne3 $2 26. Rc1 $19) 26. Bxc4 Rxc4 $19) 25... Qd8 $1 26. Nxb4 a5 {[%emt 0:00:02] [#]} 27. d5 $1 axb4 28. Nd4 $1 (28. Bxb5 $2 Ne3 29. Rd2 Nc2+ (29... Nxd5 30. Nd4 $16) 30. Rxc2 Bxc2 $19 (30... Rxc2 $2 31. Ba4 $19)) 28... Ne3 (28... Bd7 $16 {was worth a try.}) 29. Bd6 Re8 (29... Nxd1 $16 30. Rxd1 h5 31. Bxf8 (31. Bxb4 Re8 $16) (31. Bxb5 Qb6 $14) (31. Nxb5 b3 $14) 31... Qxf8) 30. Rc1 ({Only move:} 30. Bxe8 $18 Nxd1 31. Bxf7+ (31. Bxb5 $2 Rc1#) (31. Rxd1 Qxe8 32. Bxb4 Qe3 $18) 31... Kxf7 32. Rxd1 (32. Nc6 Rxc6 33. dxc6 Ne3 $17)) 30... Nc4 $2 (30... Bd7 $16) 31. Bxb4 Re3 (31... Bd7 {might work better.} 32. Bb7 (32. Nxb5 Bxc6 33. dxc6 Rxc6 $16) (32. Bxb5 Bxb5 33. Nxb5 Qb6 $11) 32... Qb6) 32. Nxb5 ({Don't do} 32. Bxb5 Qxd5 33. Nxf5 (33. Rxc4 Rxc4 34. Bxc4 Qxc4 $11) 33... Nxf5 $18) 32... Qb6 (32... Ne5 $142 33. Qf4 Nxc6 34. dxc6 (34. Qxe3 $2 {is the wrong capture.} Nxb4 35. Nc3 Qa5 $19) 34... Rd3) 33. Rxc4 $18 Rxc6 34. dxc6 Qxb5 35. Rhc1 Rxf3 36. a3 Be6 37. c7 Bc8 38. Qd6 Qf5 39. Rd4 Kh7 40. Rd5 Qg4 41. Qf8 g5 42. hxg5 hxg5 43. Rd8 Be6 44. c8=Q Bxc8 45. Rdxc8 Qf4 46. Rh1+ Kg6 47. Qd6+ Ne6 48. Qxf4 Nxf4 49. a4 Nd3 50. Bc3 g4 51. a5 Rf4 52. b3 Re4 53. Rc4 Rxc4 54. bxc4 Nc5 55. Ka2 f5 56. Bd4 Na6 57. Be3 Kf6 58. Rh6+ 1-0

[Event "Czech Open Rapid G1 2024"]
[Site "Pardubice"]
[Date "2024.07.17"]
[Round "3.6"]
[White "Seger, Ruediger"]
[Black "Jirka, Jiri"]
[Result "1/2-1/2"]
[Annotator "TA"]
[ECO "C54"]
[WhiteElo "2264"]
[BlackElo "2387"]
[PlyCount "74"]
[EventDate "2024.07.16"]
[EventType "swiss"]
[EventCountry "CZE"]
[SourceTitle "playchess.com"]
[Source "ChessBase"]
[SourceQuality "1"]
[TimeControl "1200+10"]

1. e4 e5 2. Nf3 Nc6 3. Bc4 Nf6 4. d3 Bc5 5. c3 a6 6. O-O Ba7 7. a4 d6 8. Nbd2 O-O 9. h3 Kh8 10. Re1 Ng8 11. Nf1 f5 12. exf5 Bxf5 13. Be3 Qf6 14. Bxa7 Rxa7 15. Bxg8 (15. Re3 $11) 15... Kxg8 $15 16. N1h2 Rf7 17. d4 e4 18. Nd2 Ra8 19. Ndf1 (19. f3 $11 {keeps the balance.}) 19... Raf8 $17 20. Ne3 Qg6 ({Black should try} 20... Bd7 $17 21. Rf1 Nd8) 21. Nxf5 $11 Rxf5 22. Rxe4 (22. Qb3+ $11 d5 23. Rxe4) 22... Rxf2 $15 23. Rg4 {[%emt 0:00:20] [#]} Qf7 (23... Qe8 $1 $17 {[%cal Re8e3] Hoping for ...Qe3!} 24. Rg3 Rxb2) 24. b4 (24. Rb1 $11 {deserves consideration.} Rf5 25. Qe2) 24... Qc4 $2 (24... Qe6 $15 {stays ahead.} 25. Qd3 Ne7) 25. d5 $18 Qxc3 26. dxc6 Rd2 $2 (26... bxc6 27. Qe1 (27. Qd4 Qxd4 28. Rxd4 Rc2 $18) 27... Qxe1+ 28. Rxe1 Ra2) 27. Qc1 $2 {[%emt 0:00:23] [#]} (27. Qe1 Rb8 28. cxb7) 27... Rc2 28. Qe1 bxc6 29. Qxc3 Rxc3 30. Re1 h5 31. Rg5 Rb3 32. Nf3 ({Don't do} 32. Rxh5 Rxb4 33. Nf3 Rxa4 $18) 32... Rxb4 33. a5 ({Don't take} 33. Rxh5 Rxa4 34. Re7 Ra1+ 35. Kh2 Rc1 $18) 33... Rb5 34. Re7 Rf7 35. Re8+ Rf8 36. Re7 {[%emt 0:00:16][%csl LRc7,LRg7] White is more active.} Rf7 37. Re8+ Rf8 {[%emt 0:00:00] Weighted Error Value: White=0.49/Black=0.31.  Loses game:     	---       	Black=1      Mistake:       	White=5     	Black=3      Inaccurate:     	White=2     	Black=1      OK:         	White=9     	Black=10     Best:        	White=2     	Black=5} 1/2-1/2

[Event "Czech Open Rapid G1 2024"]
[Site "Pardubice"]
[Date "2024.07.17"]
[Round "3.7"]
[White "Konopka, Michal"]
[Black "Abdulov, Orkhan"]
[Result "1/2-1/2"]
[Annotator "TA"]
[ECO "A35"]
[WhiteElo "2326"]
[BlackElo "2382"]
[PlyCount "71"]
[EventDate "2024.07.16"]
[EventType "swiss"]
[EventCountry "CZE"]
[SourceTitle "playchess.com"]
[Source "ChessBase"]
[SourceQuality "1"]
[TimeControl "1200+10"]

1. Nf3 c5 2. c4 Nc6 3. Nc3 g6 4. e3 Nf6 5. d4 cxd4 6. exd4 d5 7. cxd5 Nxd5 8. Qb3 Nxc3 9. Bc4 Nd5 10. Bxd5 e6 11. Bxc6+ bxc6 12. O-O Qd5 13. Be3 Qxb3 14. axb3 f6 {[%emt 0:00:07] The position is equal.} 15. Rfc1 Bd7 16. Nd2 Bb4 17. Ne4 Ke7 18. Bd2 Bxd2 19. Nxd2 Rhb8 20. Kf1 Rb4 21. Rc4 c5 22. Rxc5 (22. dxc5 $2 {perishes.} Bb5 23. Ke1 Bxc4 24. Nxc4 Rxb3 $19) 22... Rxd4 23. Nc4 Rb8 24. Rxa7 Rxb3 25. Na5 Rd1+ 26. Ke2 Rbd3 27. Rc2 {[%emt 0:01:00] Dodges R3d2+} e5 28. Nc4 Ke6 $2 {[%emt 0:01:31][%mdl 8192] [#]} (28... Rd4 $1 $11) 29. Ra6+ Ke7 30. Ra7 Ke6 31. Ne3 $2 {[%emt 0:01:34] [#]} (31. Nd2 $18 R1xd2+ 32. Rxd2 Rxd2+ 33. Kxd2) 31... Bb5 $11 {[%emt 0:00:16] ...R3d2+ would now be deadly.} 32. Nxd1 Rd7+ 33. Ke1 Rxa7 34. Rc5 Rb7 35. b3 Bd7 36. Rc3 {[%emt 0:00:40] Weighted Error Value: White=0.48/Black=0.30.  Loses game:     	---       	Black=1      Missed win:     	White=2     	---        Inaccurate:     	White=1     	Black=1      OK:         	White=10    	Black=13     Best:        	White=1     	Black=1} 1/2-1/2

[Event "Czech Open Rapid G1 2024"]
[Site "Pardubice"]
[Date "2024.07.17"]
[Round "3.8"]
[White "Krak, Tomas"]
[Black "Cerveny, Martin"]
[Result "1/2-1/2"]
[Annotator "RC"]
[ECO "A53"]
[WhiteElo "2229"]
[BlackElo "2325"]
[PlyCount "117"]
[EventDate "2024.07.16"]
[EventType "swiss"]
[EventCountry "CZE"]
[SourceTitle "playchess.com"]
[Source "ChessBase"]
[SourceQuality "1"]
[TimeControl "1200+10"]

1. c4 Nf6 2. Nf3 d6 3. d4 Bf5 4. Nc3 c6 5. e3 h6 6. Be2 Nbd7 7. O-O e5 8. b4 Be7 9. a4 O-O 10. Ba3 Re8 11. b5 e4 12. Nd2 c5 13. f4 cxd4 14. exd4 d5 15. Bxe7 Qxe7 16. c5 Nxc5 17. g4 Ne6 18. gxf5 Nxd4 19. Nb3 Nxb3 20. Qxb3 Qc5+ 21. Kh1 d4 22. Bc4 Re7 23. Nd5 Nxd5 24. Bxd5 Rd8 25. f6 gxf6 26. Rg1+ Kf8 27. Qg3 Ke8 28. Ba2 d3 29. Rac1 Qf5 30. Qe3 Kf8 31. Rc5 Qh7 32. f5 h5 33. Rf1 h4 34. Bb3 d2 35. Bd1 b6 36. Rc6 Qg7 37. Rg1 Qh8 38. h3 Re5 39. Rc7 Qh7 40. Qa3+ Ke8 41. Qc3 Rxf5 42. Qc6+ Kf8 43. Qxe4 Re8 44. Qb4+ Rc5 45. Rxc5 bxc5 46. Qxc5+ Re7 47. Qc8+ Re8 48. Qc5+ Re7 49. Bc2 Qh6 50. Qc8+ Re8 51. Qc5+ Re7 52. Qc8+ Re8 53. Qc5+ Re7 54. Qd6 Qe3 55. Qd8+ Re8 56. Qd6+ Re7 57. Qd8+ Re8 58. Qd6+ Re7 59. Qd8+ 1/2-1/2

[Event "Czech Open Rapid G1 2024"]
[Site "Pardubice"]
[Date "2024.07.17"]
[Round "3.9"]
[White "Bures, Jaroslav"]
[Black "Movsesian, Julia"]
[Result "0-1"]
[Annotator "TA"]
[ECO "C59"]
[WhiteElo "2418"]
[BlackElo "2202"]
[PlyCount "44"]
[EventDate "2024.07.16"]
[EventType "swiss"]
[EventCountry "CZE"]
[SourceTitle "playchess.com"]
[Source "ChessBase"]
[SourceQuality "1"]
[TimeControl "1200+10"]

1. e4 e5 2. Nf3 Nc6 3. Bc4 Nf6 4. Ng5 d5 5. exd5 Na5 6. Bb5+ c6 7. dxc6 bxc6 8. Be2 h6 9. Nf3 e4 10. Ne5 Bc5 {[%emt 0:00:02] aiming for ...Qd4.} 11. O-O Qd6 12. d4 Bxd4 (12... Qxd4 $11 13. Qxd4 Bxd4) 13. Ng4 ({White has to play} 13. Bf4 $14) 13... Bxg4 $15 14. Bxg4 h5 {[%emt 0:00:03] Black has more active pieces.} 15. Bh3 {[%emt 0:03:22][%mdl 8192] [#] Loses the game.} (15. Be2 $11 {and White has nothing to worry.}) 15... Ng4 $1 $19 16. Bxg4 (16. g3 Nxf2) 16... hxg4 17. g3 {[%emt 0:04:53] [#]} Bxf2+ $1 {[%emt 0:00:05][%mdl 512] White is weak on the light squares} 18. Kxf2 (18. Rxf2 Qxd1+) 18... Rxh2+ {[%emt 0:00:04] Black mates.} 19. Ke3 Nc4+ 20. Kxe4 {[%emt 0:00:03] [#]} Re2+ $3 21. Qxe2 Qe5+ 22. Kd3 O-O-O+ {[%emt 0:00:19] Weighted Error Value: White=2.01/Black=0.08 (flawless) .  Loses game:     	White=1     	---        Mistake:       	White=1     	Black=1      Inaccurate:     	White=2     	Black=1      OK:         	White=1     	Black=1      Best:        	---       	Black=1      Brilliant:      	---       	Black=1} 0-1

[Event "Czech Open Rapid G1 2024"]
[Site "Pardubice"]
[Date "2024.07.17"]
[Round "3.10"]
[White "Sherman, Raem"]
[Black "Kusa, Jakub"]
[Result "1/2-1/2"]
[Annotator "TA"]
[ECO "C47"]
[WhiteElo "2358"]
[BlackElo "2423"]
[PlyCount "61"]
[EventDate "2024.07.16"]
[EventType "swiss"]
[EventCountry "CZE"]
[SourceTitle "playchess.com"]
[Source "ChessBase"]
[SourceQuality "1"]
[TimeControl "1200+10"]

1. e4 e5 2. Nf3 Nc6 3. d4 exd4 4. Nxd4 Nf6 5. Nxc6 bxc6 6. Nc3 Bb4 7. Bd3 O-O 8. O-O Re8 9. Qf3 h6 10. h3 Bxc3 11. bxc3 d6 12. Bf4 Nd7 13. Qg3 Qf6 14. Be3 c5 15. f4 Qxc3 16. e5 $1 dxe5 17. fxe5 Qxe5 18. Bf4 Qd4+ 19. Kh2 c4 20. Bf5 {[%emt 0:01:58][%cal Oa1d1] [#] Hoping for Rad1!} Nf8 21. c3 Qf6 22. Bc2 {[%emt 0:00:34] The position is equal.} Ng6 23. Bxc7 (23. Bxh6 {simplifies} Qe5 24. Bxg6 Qxg3+ 25. Kxg3 fxg6 26. Bf4) 23... Qc6 {[%emt 0:00:13] [#]} 24. Rxf7 $1 Kxf7 25. Rf1+ Kg8 26. Bxg6 Bb7 $1 {[%emt 0:04:09] Threatens to win with ...Re2.} 27. Bf7+ {[%emt 0:02:12] A strong pair of Bishops.} Kh7 28. Bxe8 Rxe8 29. Rf7 Qg6 30. Qxg6+ Kxg6 31. Rf2 {[%emt 0:00:02] Weighted Error Value: White=0.06 (flawless) /Black=0.04 (flawless) .  Inaccurate:     	White=1     	Black=1      OK:         	White=11    	Black=7      Best:        	White=1     	Black=4      Strong:       	White=1     	Black=1} 1/2-1/2

[Event "Czech Open Rapid G1 2024"]
[Site "Pardubice"]
[Date "2024.07.17"]
[Round "3.11"]
[White "Pulpan, Jakub"]
[Black "Kopriva, Martin"]
[Result "1-0"]
[Annotator "TA"]
[ECO "B06"]
[WhiteElo "2383"]
[BlackElo "2159"]
[PlyCount "39"]
[EventDate "2024.07.16"]
[EventType "swiss"]
[EventCountry "CZE"]
[SourceTitle "playchess.com"]
[Source "ChessBase"]
[SourceQuality "1"]
[TimeControl "1200+10"]

1. Nf3 g6 2. e4 Bg7 3. d4 d6 4. Nc3 a6 5. a4 b6 6. Bg5 Bb7 7. Bc4 Nf6 8. Qe2 {[%emt 0:00:32] Black must now prevent e5. White is slightly better.} h6 9. Bh4 O-O 10. e5 dxe5 ({Better is} 10... d5 $1 $14) 11. dxe5 $16 Nh5 {[%emt 0:00:45] [#] Threatens to win with ...Nf4.} 12. Rd1 (12. Qe3 $1 $16) 12... Qe8 {[%emt 0:00:48] [#]} (12... Qc8 $1 $11 13. Nd5 (13. Bxe7 $2 {too greedy.} Nf4 $19) 13... Bxd5 14. Bxd5 (14. Rxd5 b5 $17) 14... Nf4) 13. Qe3 $1 $36 {[%emt 0:00:45][%mdl 2048] Hoping for g4. White has strong initiative.} e6 14. g4 {[%emt 0:00:38] White is much more active.} ({White should try} 14. Be2 $1 $14) 14... g5 $2 {[%emt 0:00:15][%mdl 8192] This move loses the game for Black.} (14... Bxf3 $1 $11 {and Black is okay.} 15. Qxf3 Nc6) 15. gxh5 $18 Bxe5 $2 {[%emt 0:02:45] [#]} (15... Bxf3 16. Qxf3 Nc6) 16. Nxe5 $1 {[%emt 0:00:56][%cal Oh4g5] Bxg5! would kill now.} Bxh1 {[%emt 0:00:25] [#]} (16... f6 17. Rg1) 17. Bxg5 $1 {[%emt 0:00:01][%mdl 512] White mates.} f6 (17... f5 18. Rd8) 18. Bxh6 fxe5 19. Qg5+ Kf7 20. Qg7# {[%emt 0:00:01] Weighted Error Value: White=0.15 (very precise) /Black=0.73.  Loses game:     	---       	Black=1      Mistake:       	White=2     	Black=3      Inaccurate:     	White=1     	Black=2      OK:         	White=3     	Black=2      Best:        	White=1     	Black=1      Strong:       	White=1     	---} 1-0

[Event "Czech Open Rapid G1 2024"]
[Site "Pardubice"]
[Date "2024.07.17"]
[Round "3.12"]
[White "Johansson, Linus"]
[Black "Fishchuk, Vladyslav"]
[Result "1-0"]
[Annotator "RC"]
[ECO "D32"]
[WhiteElo "2451"]
[BlackElo "2234"]
[PlyCount "185"]
[EventDate "2024.07.16"]
[EventType "swiss"]
[EventCountry "CZE"]
[SourceTitle "playchess.com"]
[Source "ChessBase"]
[SourceQuality "1"]
[TimeControl "1200+10"]

1. d4 d5 2. c4 e6 3. Nc3 c5 4. cxd5 cxd4 5. Qa4+ Bd7 6. Qxd4 exd5 7. Qxd5 Nf6 8. Qd1 Nc6 9. Nf3 Bc5 10. a3 O-O 11. Bg5 Qb6 12. e3 Rfd8 13. Bxf6 gxf6 14. Bb5 Ne5 15. Bxd7 Rxd7 16. Nd5 Qa5+ 17. b4 Bxb4+ 18. axb4 Qxd5 19. Qxd5 Rxd5 20. Nd4 Nd3+ 21. Ke2 Nxb4 22. Rhb1 Nc6 23. Nxc6 bxc6 24. Ra6 Rc5 25. Rb7 Rc2+ 26. Kf3 Kg7 27. g4 h6 28. Kg3 Rc3 29. Rc7 Rc2 30. h4 Rc5 31. e4 Rc2 32. f3 Rc3 33. Kf4 Rc5 34. h5 Rc3 35. Rd7 Rc5 36. Rb7 Rb5 37. Rc7 Rb6 38. Ra1 a5 39. Rd1 Rba6 40. Rdd7 Rf8 41. Ke3 a4 42. Ra7 Rxa7 43. Rxa7 Rb8 44. Rxa4 Rb3+ 45. Kf4 Rc3 46. Ra1 Kf8 47. Ra8+ Kg7 48. Rd8 Kh7 49. Kg3 Kg7 50. Kf2 Kh7 51. Ke2 Kg7 52. Rd6 Rc2+ 53. Ke3 Rc3+ 54. Ke2 Rc2+ 55. Kd3 Rf2 56. Ke3 Rc2 57. Rd8 Rc3+ 58. Rd3 Rc4 59. Kd2 Kf8 60. Rc3 Rd4+ 61. Ke3 Rd6 62. Rd3 Re6 63. Rd8+ Kg7 64. Kd4 Re5 65. Rd6 Ra5 66. Rxc6 Ra3 67. Rc3 Ra5 68. Ke3 Rb5 69. Kf4 Rb6 70. Rd3 Ra6 71. Kf5 Rb6 72. f4 Ra6 73. Rd7 Ra1 74. Rd6 Ra5+ 75. Rd5 Ra6 76. Rd7 Ra1 77. Rd4 Ra5+ 78. e5 fxe5 79. fxe5 Ra1 80. g5 hxg5 81. Kxg5 Rg1+ 82. Rg4 Rh1 83. Kf5+ Kh6 84. Rf4 Rxh5+ 85. Kf6 Kh7 86. Rg4 Kh6 87. Rg1 Kh7 88. Kxf7 Rf5+ 89. Ke6 Rf8 90. Ke7 Ra8 91. e6 Ra7+ 92. Kf6 Rf7+ 93. Kxf7 1-0